Map: Tokamak LE

Players

Shameless

  • Race: Protoss Protoss
  • Spawn Location: 1:00

ByuN - Winner!

  • Race: Terran Terran
  • Spawn Location: 7:00

VOD

Have the link to the VOD?

Description

Time

  • Played on: July 29, 2025, 10:22 p.m.
  • Length: 26:54
Show
View Real Time Build Order
Export as new Build Order

Shameless Protoss 

Build Orders: 1 Gate Expand, Blink Stalkers 

Get SALT Encoding   

  12  0:00  Probe  
  13  0:13  Probe  
  14  0:19  Pylon  
  14  0:25  Probe  
  15  0:33  Probe  
  15  0:38  Gateway  
  15  0:41  Probe  
  16  0:46  Assimilator  
  17  0:51  Probe  
  18  1:03  Probe  
  19  1:15  Probe  
  20  1:25  Cybernetics Core  
  20  1:34  Nexus  
  20  1:37  Pylon  
  20  1:41  Probe  
  21  1:47  Assimilator  
  21  1:50  Stalker  
  21  1:53  Probe  
  22  2:04  Warp Gate  
  22  2:06  Probe  
  25  2:13  Stalker  
  25  2:18  Probe  
  28  2:30  Probe  
  29  2:37  Stalker  
  29  2:42  Probe  
  31  2:45  Probe  
  32  2:54  Probe  
  32  2:55  Probe  
  33  2:59  Twilight Council  
  33  3:04  Gateway, Probe  
  34  3:06  Probe  
  34  3:08  Blink  
  36  3:16  Probe  
  36  3:18  Probe  
  38  3:28  Probe  
  38  3:30  Probe  
  38  3:33  Gateway  
  40  3:40  Probe  
  41  3:41  Robotics Facility  
  41  3:47  Pylon  
  41  3:48  Probe  
  42  3:52  Probe  
  42  3:53  Stalker  
  45  3:58  Assimilator  
  45  4:01  Probe  
  46  4:05  Stalker  
  46  4:07  Probe  
  46  4:09  Pylon  
  49  4:13  Probe  
  49  4:18  Warp Prism  
  49  4:19  Probe  
  50  4:25  Probe  
  53  4:37  Stalker x2, Pylon  
  57  4:40  Stalker  
  57  4:43  Probe  
  60  4:52  Pylon  
  60  4:54  Observer  
  61  5:00  Nexus  
  61  5:12  Observer  
  62  5:16  Stalker x3  
  62  5:19  Assimilator, Probe  
  62  5:20  Probe  
  70  5:32  Probe  
  70  5:34  Probe  
  70  5:39  Observer  
  70  5:42  Robotics Bay  
  70  5:44  Probe  
  70  5:49  Observer  
  69  5:50  Probe  
  69  5:52  Stalker x2  
  69  5:54  Observer  
  74  5:59  Charge  
  74  6:01  Gateway, Probe  
  74  6:03  Gateway, Probe  
  74  6:04  Gateway, Observer  
  75  6:06  Gateway  
  75  6:10  Probe x2, Observer  
  76  6:15  Probe  
  78  6:18  Probe  
  78  6:20  Probe  
  78  6:22  Colossus, Pylon, Observer  
  81  6:26  Probe  
  81  6:27  Probe  
  81  6:32  Probe  
  84  6:38  Probe  
  84  6:39  Probe  
  83  6:44  Probe  
  90  6:49  Sentry  
  90  6:50  Zealot x2, Probe  
  90  6:51  Gateway, Forge  
  97  6:55  Probe  
  97  7:01  Extended Thermal Lance  
  98  7:02  Colossus, Pylon  
  98  7:05  Sentry  
  100  7:09  Pylon  
  100  7:15  Protoss Ground Weapons Level 1  
  100  7:18  Pylon  
  106  7:24  Sentry  
  106  7:25  Pylon  
  108  7:30  Pylon  
  108  7:33  Nexus  
  108  7:35  Pylon  
  108  7:38  Forge  
  108  7:41  Zealot x4  
  108  7:43  Probe  
  108  7:44  Probe x2  
  119  7:51  Colossus  
  119  7:56  Probe x2  
  128  7:58  Probe  
  128  7:59  Protoss Ground Armor Level 1  
  128  8:00  Pylon  
  128  8:02  Zealot x2  
  132  8:08  Probe  
  133  8:16  Zealot x4, Pylon  
  141  8:27  Nexus  
  141  8:29  Zealot  
  141  8:32  Stalker  
  145  8:37  Immortal  
  145  8:38  Zealot x2, Stalker  
  151  8:48  Probe  
  152  8:52  Zealot x3  
  162  8:56  Dark Shrine  
  162  9:06  Pylon  
  162  9:07  Protoss Ground Weapons Level 2  
  162  9:08  Immortal  
  166  9:17  Zealot  
  166  9:18  Stalker x4  
  166  9:19  Zealot  
  166  9:21  Zealot  
  178  9:29  Pylon  
  178  9:31  Protoss Ground Armor Level 2  
  168  9:37  Zealot x2  
  144  9:42  Observer  
  144  9:44  Zealot x6  
  157  9:55  Gateway, Immortal  
  157  9:57  Nexus  
  157  10:02  Gateway  
  157  10:04  Shadow Stride, Observer  
  161  10:10  Pylon  
  161  10:19  Pylon  
  161  10:23  Observer  
  161  10:24  Zealot x8  
  177  10:29  Probe  
  177  10:31  Probe x4  
  182  10:37  Probe  
  183  10:43  Probe x3  
  183  10:46  Probe  
  187  10:52  Gateway  
  187  10:58  Zealot, Stalker x6  
  195  11:05  Pylon  
  195  11:07  Zealot x3  
  195  11:09  Observer  
  195  11:10  Observer  
  198  11:23  Gateway, Nexus  
  198  11:26  Probe  
  198  11:27  Pylon  
  199  11:33  Disruptor  
  199  11:34  Observer  
  199  11:35  Observer  
  199  11:37  Protoss Ground Armor Level 3, Observer  
  199  11:38  Observer  
  193  11:44  Protoss Ground Weapons Level 3  
  197  11:48  Observer  
  197  11:49  Assimilator, Robotics Facility  
  197  11:55  Assimilator  
  197  11:57  Gravitic Boosters  
  197  12:03  Robotics Facility, Disruptor  
  197  12:06  Gateway  
  197  12:11  Observer  
  197  12:14  Pylon  
  193  12:21  Dark Templar  
  194  12:25  Disruptor  
  194  12:26  Photon Cannon  
  194  12:28  Pylon  
  194  12:30  Photon Cannon  
  194  12:31  Shield Battery  
  194  12:35  Pylon  
  194  12:44  Disruptor  
  197  12:45  Disruptor  
  197  12:55  Observer  
  199  13:01  Photon Cannon  
  199  13:02  Photon Cannon  
  199  13:03  Pylon  
  199  13:05  Pylon  
  198  13:07  Shield Battery  
  198  13:10  Observer  
  198  13:14  Gateway  
  198  13:16  Pylon  
  198  13:17  Gateway  
  198  13:19  Observer  
  198  13:26  Observer  
  200  13:30  Gateway  
  200  13:36  Gateway  
  200  13:44  Nexus  
  198  14:02  Pylon  
  198  14:05  Observer  
  198  14:11  Observer  
  198  14:12  Disruptor  
  198  14:14  Protoss Shields Level 1  
  179  14:19  Stalker x4  
  179  14:20  Stalker x2  
  179  14:22  Pylon, Immortal  
  199  14:28  Observer  
  173  15:04  Zealot  
  173  15:05  Zealot x16  
  179  15:07  Disruptor  
  179  15:08  Immortal  
  179  15:13  Immortal  
  179  15:24  Assimilator  
  179  15:25  Stalker x10  
  199  15:40  Zealot x2  
  199  15:44  Observer  
  199  15:48  Observer  
  175  16:25  Dark Templar x4  
  165  16:26  Dark Templar x2  
  165  16:27  Dark Templar x3  
  165  16:30  Zealot x4, Stalker x4  
  197  16:36  Protoss Shields Level 2  
  197  16:38  Probe x4  
  200  16:46  Assimilator  
  200  16:47  Nexus  
  200  16:49  Photon Cannon  
  200  16:50  Assimilator  
  200  16:51  Photon Cannon  
  200  16:52  Probe, Photon Cannon  
  200  16:55  Probe  
  200  17:00  Stalker x2  
  199  17:01  Probe  
  199  17:03  Assimilator  
  199  17:05  Probe  
  199  17:07  Assimilator  
  169  17:18  Disruptor  
  169  17:19  Immortal  
  169  17:20  Probe  
  169  17:22  Observer  
  148  17:23  Probe  
  148  17:24  Probe x2  
  160  17:30  Stalker x4  
  160  17:31  Zealot x12, Stalker  
  194  17:38  Probe x2  
  194  17:40  Probe  
  194  17:41  Observer  
  194  17:44  Probe  
  197  17:47  Probe  
  197  17:52  Zealot  
  199  17:58  Probe  
  186  18:10  Protoss Air Weapons Level 1, Observer  
  186  18:11  Probe  
  186  18:12  Probe, Zealot x9  
  188  18:13  Zealot x3  
  200  18:26  Observer  
  190  18:34  Observer  
  190  18:36  Observer  
  190  18:37  Stargate  
  190  18:40  Observer  
  176  18:41  Zealot x5  
  176  18:42  Zealot x7  
  163  19:11  Zealot x12  
  163  19:12  Zealot x5  
  174  19:34  Stalker x9  
  174  19:35  Stalker  
  174  19:37  Zealot x4, Stalker x2  
  174  19:38  Zealot  
  194  19:39  Probe  
  194  19:42  Disruptor  
  190  19:46  Fleet Beacon  
  190  19:47  Stargate  
  190  19:49  Stargate  
  177  20:03  Zealot  
  177  20:04  Zealot x10  
  197  20:08  Nexus, Protoss Shields Level 3  
  197  20:11  Zealot x6  
  186  20:21  Probe  
  176  20:23  Probe x2  
  176  20:24  Probe x5  
  173  20:31  Stalker x5  
  173  20:32  Zealot x4, Stalker x4  
  173  20:33  Probe  
  192  20:47  Probe  
  183  20:56  Zealot x5  
  183  20:57  Zealot x6  
  164  21:04  Disruptor  
  138  21:05  Tempest x2  
  138  21:08  Immortal  
  148  21:12  Probe  
  143  21:20  Probe x2  
  143  21:21  Stalker x10  
  143  21:22  Zealot x7  
  143  21:24  Probe, Disruptor  
  183  21:26  Probe x2  
  183  21:28  Probe x2  
  183  21:29  Probe  
  187  21:36  Probe  
  187  21:39  Disruptor  
  169  21:45  Probe, Stalker x5  
  180  21:50  Tempest  
  160  21:54  Probe  
  160  21:57  Probe  
  160  21:59  Probe  
  160  22:00  Observer  
  134  22:08  Probe x2  
  134  22:09  Probe x2, Tempest  
  134  22:11  Probe x2  
  134  22:12  Probe x2  
  146  22:20  Probe  
  146  22:21  Probe x2  
  149  22:27  Disruptor x2  
  147  22:33  Tempest, Pylon  
  147  22:36  Zealot x9  
  167  22:44  Probe  
  167  22:52  Tempest  
  167  22:55  Stalker x4  
  167  22:57  Probe x4  
  167  22:58  Probe  
  177  23:02  Probe  
  167  23:11  Zealot x9  
  167  23:12  Zealot x3  
  149  23:38  Zealot x7  
  149  23:39  Stalker x3  
  164  23:53  Probe x5  
  164  23:54  Probe  
  164  23:57  Probe  
  164  24:00  Disruptor  
  165  24:06  Zealot x5  
  165  24:07  Zealot  
  179  24:11  Probe  
  179  24:12  Probe x2  
  179  24:15  Probe x2  
  184  24:19  Disruptor  
  174  24:25  Zealot x3  
  183  24:37  Stalker  
  129  25:00  Zealot, Stalker x7  
  129  25:02  Probe x2  
  147  25:08  Probe  
  147  25:09  Probe x3  
  151  25:16  Probe  
  151  25:17  Probe  
  151  25:18  Sentry x2  
  151  25:19  Sentry  
  159  25:29  Probe  
  159  25:30  Probe  
  117  25:46  Sentry, Zealot x9  
  112  25:59  Stalker x3  
  66  26:35  Sentry  
  66  26:36  Zealot x5  
  66  26:37  Zealot x6  
  89  26:44  Stalker  
Show
View Real Time Build Order
Export as new Build Order

ByuN Terran - Winner!

Build Orders: Cyclone Opening 

Get SALT Encoding   

  12  0:00  SCV  
  13  0:12  SCV  
  14  0:18  Supply Depot  
  14  0:25  SCV  
  15  0:39  Barracks  
  15  0:40  SCV  
  16  0:46  Refinery  
  16  0:52  SCV  
  16  0:56  Refinery  
  17  1:04  SCV  
  18  1:16  SCV  
  19  1:26  Reaper  
  19  1:28  Orbital Command  
  20  1:43  Factory  
  20  1:55  Supply Depot, SCV  
  20  1:58  Reaper  
  22  2:07  SCV  
  22  2:22  Command Center  
  22  2:24  SCV  
  22  2:28  Factory Tech Lab  
  23  2:38  Starport  
  23  2:40  SCV  
  24  2:49  Cyclone  
  27  2:52  SCV  
  27  2:57  Supply Depot  
  27  3:04  SCV  
  28  3:14  Medivac  
  28  3:16  SCV  
  31  3:20  Barracks  
  31  3:28  SCV  
  31  3:30  Siege Tank  
  35  3:40  SCV  
  36  3:46  Starport Tech Lab  
  36  3:52  Orbital Command, SCV, Barracks Reactor  
  37  3:57  Barracks  
  37  4:04  SCV  
  37  4:06  Siege Tank  
  41  4:10  Refinery  
  41  4:16  SCV  
  42  4:19  SCV  
  43  4:27  Bunker  
  44  4:33  SCV x2  
  44  4:36  Marine  
  44  4:37  Marine  
  47  4:40  Engineering Bay  
  47  4:41  Siege Tank  
  47  4:42  Supply Depot  
  47  4:43  Marine  
  47  4:45  SCV x2  
  53  4:51  Marine  
  54  5:03  SCV x2, Marine x3  
  54  5:04  Supply Depot  
  54  5:06  Terran Infantry Weapons Level 1  
  59  5:09  Marine  
  60  5:15  SCV x2  
  62  5:22  Starport Reactor  
  62  5:25  Marine x3  
  62  5:27  Supply Depot  
  62  5:31  Marine  
  62  5:33  SCV x2  
  63  5:49  Supply Depot, SCV x2, Marine x2  
  70  5:52  Barracks Tech Lab  
  67  5:59  Supply Depot  
  67  6:01  SCV  
  67  6:02  Command Center  
  67  6:03  Factory Reactor, SCV  
  69  6:07  Stimpack  
  69  6:08  Refinery  
  69  6:13  SCV  
  69  6:18  Marauder x2, SCV  
  76  6:25  SCV  
  76  6:27  Barracks  
  76  6:30  Barracks, SCV, Marine x2  
  79  6:37  SCV  
  77  6:43  Marauder x2, SCV  
  81  6:48  Medivac  
  81  6:49  Medivac, SCV  
  86  6:54  Supply Depot  
  86  6:56  Combat Shield  
  86  7:06  Missile Turret  
  86  7:13  Marauder x2, Missile Turret, Orbital Command, SCV x2, Marine  
  93  7:15  Barracks Tech Lab  
  93  7:17  Barracks Reactor  
  93  7:24  Terran Infantry Armor Level 1  
  93  7:25  SCV x2  
  93  7:26  Supply Depot  
  95  7:30  Medivac  
  99  7:37  SCV x2  
  99  7:42  Marauder x3, Orbital Command  
  105  7:49  SCV x2  
  107  7:55  Marine x4  
  107  7:58  Supply Depot x2  
  111  8:02  Armory, SCV x2  
  111  8:04  Engineering Bay  
  113  8:09  Marauder x2  
  117  8:19  Marauder, SCV x3  
  122  8:21  Supply Depot  
  122  8:22  Marine x4  
  122  8:26  Supply Depot  
  126  8:31  SCV x3, Refinery  
  126  8:32  Refinery  
  126  8:33  Viking x2  
  133  8:38  Supply Depot  
  133  8:43  Marauder x3, Supply Depot, SCV x2  
  133  8:47  SCV  
  141  8:52  Supply Depot  
  141  8:54  Missile Turret  
  141  8:55  SCV  
  141  8:56  Terran Infantry Weapons Level 2  
  141  8:59  Ghost Academy  
  142  9:04  Marauder x2  
  142  9:05  Viking  
  142  9:08  Viking  
  150  9:16  Supply Depot, Widow Mine x2  
  152  9:26  Marauder x3  
  152  9:30  Concussive Shells  
  134  9:39  Terran Infantry Armor Level 2  
  134  9:43  Viking x2  
  142  9:47  Marauder  
  142  9:48  Marauder x2  
  142  9:49  Terran Ship Weapons Level 1  
  144  9:59  Command Center  
  144  10:01  Marine x4  
  148  10:08  Ghost x2  
  148  10:12  Marauder  
  148  10:13  Sensor Tower  
  148  10:14  Viking x2  
  160  10:21  Supply Depot  
  160  10:23  Supply Depot  
  160  10:29  Barracks  
  160  10:30  Barracks  
  160  10:32  Barracks, SCV x3  
  160  10:34  Marauder  
  165  10:36  Starport  
  165  10:37  Marauder  
  165  10:38  Ghost  
  170  10:46  Missile Turret  
  170  10:53  Viking x2  
  170  10:54  Ghost, Marine  
  170  10:55  Marine  
  179  10:57  Marine  
  179  10:58  Ghost, Marine  
  183  11:09  Marauder  
  181  11:14  Marine x2  
  181  11:15  Viking x2, Marine x2  
  189  11:23  Medivac x2  
  189  11:24  Marauder  
  195  11:27  Marauder  
  195  11:28  Terran Infantry Weapons Level 3  
  195  11:30  Missile Turret, SCV  
  195  11:31  Barracks Reactor, SCV x2, Barracks Tech Lab  
  200  11:32  Barracks Tech Lab  
  200  11:39  Planetary Fortress  
  200  11:47  Marauder x2  
  200  11:54  Missile Turret  
  200  11:58  Terran Infantry Armor Level 3  
  200  11:59  Sensor Tower  
  200  12:01  Fusion Core  
  200  12:09  Command Center  
  200  12:12  Terran Ship Weapons Level 2  
  200  12:15  Missile Turret  
  200  12:17  Refinery  
  200  12:18  Missile Turret, Refinery  
  200  12:37  Missile Turret  
  200  12:43  Missile Turret, Command Center  
  200  12:44  Command Center  
  200  12:50  Missile Turret  
  200  12:55  Advanced Ballistics  
  200  13:00  Missile Turret  
  200  13:09  Starport  
  200  13:11  Starport  
  200  13:16  Armory  
  200  13:22  Command Center  
  200  13:24  Missile Turret  
  200  13:25  Command Center  
  198  13:50  Starport Reactor x2  
  198  13:52  Personal Cloaking  
  198  14:07  Caduceus Reactor  
  198  14:16  Liberator  
  198  14:17  Liberator  
  198  14:29  Command Center  
  198  14:33  Missile Turret  
  198  14:37  Missile Turret, Command Center  
  198  14:38  Missile Turret  
  198  14:49  Orbital Command, Planetary Fortress  
  198  14:58  Marauder x5  
  191  15:06  Liberator x4  
  182  15:12  Planetary Fortress  
  162  15:16  Orbital Command  
  162  15:18  Planetary Fortress, Nuke  
  162  15:19  Marauder x2, Ghost x3  
  175  15:22  Liberator  
  175  15:27  Liberator  
  181  15:29  Missile Turret  
  181  15:35  Marine  
  182  15:40  Ghost x2  
  188  15:44  Missile Turret  
  188  15:45  Sensor Tower  
  188  15:47  Ghost x3  
  194  15:51  Missile Turret  
  194  15:55  Liberator x2  
  199  15:59  Orbital Command  
  199  16:15  Marine  
  199  16:16  Terran Ship Weapons Level 3  
  199  16:17  Terran Vehicle And Ship Armor Level 1  
  197  16:18  Marauder x2  
  199  16:32  Hi-Sec Auto Tracking, Neosteel Armor  
  199  16:33  Nuke  
  199  16:38  Command Center  
  199  16:40  Command Center  
  199  16:52  Command Center  
  198  17:00  Ghost  
  198  17:07  Missile Turret  
  188  17:22  Liberator x6  
  192  17:25  Marauder  
  200  17:49  Missile Turret x3, Command Center, Refinery x2  
  200  17:50  Command Center  
  197  18:04  Orbital Command  
  189  18:07  SCV x2  
  188  18:16  Marauder x3  
  188  18:18  Missile Turret  
  188  18:19  Missile Turret  
  194  18:22  Marauder x2, Sensor Tower  
  194  18:26  Terran Vehicle And Ship Armor Level 2  
  195  18:49  Liberator  
  195  18:54  Command Center  
  198  18:56  Planetary Fortress  
  195  19:06  Marauder  
  195  19:08  Marauder x2  
  195  19:09  Marine x4  
  197  19:10  Marine  
  199  19:18  Marauder  
  199  19:19  Marine x2  
  199  19:21  Liberator  
  199  19:22  Liberator  
  199  19:27  Marine  
  187  19:43  Liberator x3  
  187  19:44  Marauder x2  
  200  19:52  Command Center  
  200  19:53  Command Center  
  200  19:58  Liberator  
  200  19:59  Liberator x2  
  190  20:13  Liberator x2  
  196  20:15  Ghost x2  
  196  20:18  Ghost  
  199  20:25  Marine  
  194  20:40  SCV  
  194  20:41  SCV x2  
  196  20:46  Ghost x2  
  191  20:50  Marauder  
  191  20:53  Marauder x2  
  165  21:00  Marine  
  165  21:01  Marine x2  
  165  21:02  Marine  
  148  21:08  Marine x2  
  150  21:11  Marauder  
  150  21:14  Marauder x2  
  150  21:15  Marauder x2  
  150  21:17  Planetary Fortress  
  159  21:18  Marine x2  
  161  21:26  Missile Turret  
  161  21:27  Orbital Command  
  161  21:33  Marauder  
  161  21:35  Marauder x2  
  161  21:36  Marauder x2  
  171  21:43  Marine x2  
  173  21:51  Marine x2  
  173  21:52  Marine x2  
  173  21:54  Marauder, Medivac  
  172  21:55  Medivac  
  172  21:57  Marauder x2  
  172  21:58  Marauder x2  
  172  22:01  Marine x2  
  165  22:16  Marauder  
  165  22:17  Liberator x2  
  165  22:18  Marauder x2  
  165  22:19  Marauder x2  
  181  22:36  Ghost, Marine x3  
  184  22:39  Ghost  
  184  22:41  Viking x5  
  184  22:43  Viking  
  195  22:52  Terran Vehicle And Ship Armor Level 3  
  195  22:57  Marauder  
  195  22:58  Marauder x2  
  196  23:00  Viking, Marine  
  196  23:01  Marine  
  200  23:08  Marauder  
  194  23:13  Viking x2  
  194  23:19  Marauder  
  200  23:27  Marauder x2, Marine x2  
  175  23:28  Viking x2, Marine x2  
  175  23:32  Marine x2  
  175  23:33  Marine  
  182  23:46  Viking  
  182  23:47  Viking  
  182  23:48  Viking  
  183  23:52  Viking  
  180  24:04  Medivac x2  
  180  24:06  Ghost x2  
  194  24:10  Marauder x3, Marine x3  
  193  24:25  Medivac x2  
  193  24:26  Viking  
  199  24:36  Marine  
  200  24:41  Command Center  
  198  24:50  Marauder x2  
  198  24:52  Marauder x2  
  180  24:53  Medivac x2  
  180  24:57  Ghost, Marine x2  
  180  24:58  Marine x3  
  180  24:59  Marine  
  175  25:10  Ghost  
  175  25:11  Refinery, Marine  
  175  25:13  Marine  
  175  25:14  Marauder, Marine x2  
  179  25:17  Marine x3  
  184  25:22  Marine  
  184  25:27  Marauder  
  187  25:29  Marauder  
  187  25:31  Marauder  
  187  25:32  Marine x2  
  187  25:34  Marine  
  187  25:35  Marauder  
  190  25:39  Marine x2  
  190  25:40  Marauder, Marine  
  190  25:42  Viking x2  
  177  25:48  Marauder  
  171  25:50  Marauder, Marine x2  
  171  25:52  Marine  
  171  25:53  Marauder  
  171  25:56  Marine  
  171  25:57  Marauder, Marine  
  180  25:58  Viking, Marine  
  180  26:01  Marauder  
  187  26:08  Marine x2  
  187  26:09  Viking  
  187  26:10  Marauder  
  188  26:12  Marauder  
  188  26:13  Marine  
  188  26:14  Marauder, Marine x2  
  188  26:15  Marine  
  188  26:17  Ghost  
  193  26:21  Ghost  
  180  26:26  Marine x2  
  180  26:30  Marine  
  180  26:31  Marauder  
  180  26:32  Marine x2  
  181  26:33  Marine  
Tags
 
Add a new tag
Caveats
  • Supply blocks, unpowered buildings, or Contaminate may cause inaccurate times.
  • Supply counts are checked every 10 seconds.